 Dungeon Crawl Stone Soup version 0.32-a0-975-g85d4e5bfdb (webtiles) character file.

Game seed: 4739563886959375294

280 ragingrage the Ruffian (level 6, -2/51 HPs)
             Began as a Ghoul Warper on Apr 19, 2024.
             Slain by an elf zombie (5 damage)
             ... in an ossuary.
             The game lasted 00:03:42 (2537 turns).

ragingrage the Ruffian (Ghoul Warper)               Turns: 2537, Time: 00:03:43

Health: -2/51      AC:  4    Str: 17    XL:     6   Next: 27%
Magic:  8/8        EV: 15    Int: 12    God:
Gold:   166        SH:  0    Dex:  8    Spells: 3/8 levels left

rFire   . .          .
                       - Unarmed
rCold   + + .        (no shield)
rNeg    + + +        a - +0 leather armour
rPois   ∞            (no helmet)
rElec   .            l - +0 cloak
rCorr   .            (no gloves)
SInv    .            (no boots)
Will    .....        (no amulet)
Stlth   +            g - ring of protection from cold
HPRegen 0.00/turn    f - +5 ring of evasion
MPRegen 0.11/turn

%: no passive effects
@: inhibited regen
A: claws 1, cold resistance 1, negative energy resistance 3, inhibited
regeneration, torment resistance 2, devour on kill
a: no special abilities


You were in an ossuary.
You visited 1 branch of the dungeon, and saw 4 of its levels.
You also visited: Ossuary.

You collected 166 gold pieces.

Inventory:

Missiles
 c - 7 darts of dispersal (quivered)
 j - 5 silver javelins
Armour
 a - a +0 leather armour (worn)
 l - a +0 cloak (worn)
Jewellery
 f - a +5 ring of evasion (right claw)
 g - a ring of protection from cold (left claw)
 k - a ring of flight
Scrolls
 b - a scroll of blinking
 d - a scroll of enchant weapon
 e - 6 scrolls of identify
 i - 2 scrolls of teleportation
 m - 2 scrolls of revelation {unknown}
 n - 2 scrolls of noise {unknown}
 q - a scroll of amnesia {unknown}
Potions
 h - 2 potions of curing
 o - a potion of magic {unknown}
 p - a potion of mutation {unknown}


   Skills:
 - Level 3.0 Fighting
 - Level 0.8 Throwing
 - Level 0.8 Armour
 - Level 1.7 Dodging
 - Level 2.0 Stealth
 + Level 5.7 Unarmed Combat
 - Level 1.7 Spellcasting
 + Level 3.5 Translocations


You had 3 spell levels left.
You knew the following spells:

 Your Spells              Type           Power      Damage    Failure   Level
a - Blink                 Tloc           18%        N/A       12%         2
b - Maxwell's Portable P  Tloc           9%         2d(6-16)  24%         3

Your spell library contained the following spells:

 Spells                   Type           Power      Damage    Failure   Level
 Lesser Beckoning         Tloc           18%        N/A       12%         2
 Momentum Strike          Conj/Tloc      10%        3d8       24%         2
 Teleport Other           Tloc           9%         N/A       24%         3
 Dazzling Flash           Conj/Hex       2%         N/A       69%         3
 Mephitic Cloud           Conj/Alch/Air  1%         N/A       69%         3
 Summon Ice Beast         Ice/Summ       1%         N/A       69%         3
 Tukima's Dance           Hex            1%         N/A       69%         3
 Passage of Golubria      Tloc           9%         N/A       61%         4
 Vhi's Electric Charge    Tloc/Air       10%        N/A       85%         4
 Silence                  Hex/Air        0%         N/A       100%        5
 Summon Mana Viper        Hex/Summ       1%         N/A       100%        5
 Yara's Violent Unravell  Hex/Alch       0%         3d3       100%        5
 Monstrous Menagerie      Summ           0%         N/A       100%        7


Dungeon Overview and Level Annotations

Branches:
Dungeon (4/15)            Ossuary (1/1)
 Temple: D:4-7

Altars:
Gozag

Annotations:
D:3 1 runed translucent door, Gadrel's ghost, amateur MiMo


Innate Abilities, Weirdness & Mutations

You are immune to poison.
You have sharp fingernails.
Your flesh is cold resistant. (rC+)
You are immune to negative energy. (rN+++)
You do not regenerate when monsters are visible.
You are immune to unholy pain and torment.
You thrive by killing the living.


Message History

You closely miss the elf zombie. The elf zombie hits you.
You scratch the elf zombie. The elf zombie hits you.
You claw the elf zombie! You scratch the elf zombie. You claw the mummy!
You barely miss the mummy. You scratch the mummy but do no damage.
The mummy hits you.
You claw the mummy! You claw the mummy!
You destroy the mummy!
You closely miss the crocodile zombie. The crocodile zombie misses you.
You scratch the crocodile zombie. The crocodile zombie bites you.
You barely miss the crocodile zombie. You claw the crocodile zombie!
The crocodile zombie barely misses you.
You claw the crocodile zombie! The crocodile zombie bites you!
You scratch the crocodile zombie but do no damage.
You barely miss the crocodile zombie.
The crocodile zombie bites you but does no damage.
You scratch the crocodile zombie. The crocodile zombie bites you!
You scratch the crocodile zombie.
You scratch the crocodile zombie but do no damage.
The crocodile zombie bites you.
* * * LOW HITPOINT WARNING * * *
You scratch the crocodile zombie. The crocodile zombie bites you.
* * * LOW HITPOINT WARNING * * *
You claw the crocodile zombie!
You destroy the crocodile zombie!
You scratch the elf zombie but do no damage.
The elf zombie barely misses you.
You barely miss the elf zombie. You scratch the elf zombie.
The elf zombie misses you.
You scratch the elf zombie but do no damage.
The elf zombie closely misses you.
You barely miss the elf zombie. The elf zombie hits you.
* * * LOW HITPOINT WARNING * * *
You claw the elf zombie! You scratch the elf zombie. The elf zombie hits you.
* * * LOW HITPOINT WARNING * * *
You claw the elf zombie! The elf zombie hits you.
You die...

#.......# ##.....##
###.### #'# ###.###
#### ##.....##
#...## #.......#
.....#
##...∩...###.....##
+...∩∩∩...@ZZ.....#
##...∩...###.....##
#.......# .....#
##.....## #...##
###.### #### #+#


You could see an elf zombie and a human zombie.

Vanquished Creatures
  A bombardier beetle (D:4)
  A centaur zombie (Ossuary)
  An iguana (D:3)
  A crocodile zombie (Ossuary)
  A mummy (Ossuary)
  5 adders
  3 gnolls (D:4)
  2 dart slugs
  2 ribbon worms (D:2)
  7 orcs (D:3)
  2 bats (D:1)
  6 endoplasms
  3 giant cockroaches
  7 goblins
  5 hobgoblins
  3 jackals (D:1)
  5 kobolds
  4 quokkas
  7 ball pythons
  3 frilled lizards
  5 rats
74 creatures vanquished.

Notes
Turn   | Place    | Note
-------+----------+-------------------------------------------
     0 | D:1      | ragingrage the Ghoul Warper began the quest for the Orb.
     0 | D:1      | Reached XP level 1. HP: 17/17 MP: 3/3
    85 | D:1      | Reached skill level 1 in Stealth
   112 | D:1      | Reached XP level 2. HP: 20/24 MP: 4/4
   201 | D:1      | Reached skill level 3 in Unarmed Combat
   342 | D:1      | Reached XP level 3. HP: 29/29 MP: 5/5
   738 | D:2      | Learned a level 2 spell: Blink
   742 | D:2      | Learned a level 3 spell: Maxwell's Portable Piledriver
   956 | D:3      | Reached skill level 4 in Unarmed Combat
   956 | D:3      | Reached XP level 4. HP: 15/36 MP: 6/6
  1292 | D:3      | Found a runed translucent door.
  1297 | D:3      | Noticed Gadrel's ghost (amateur MiMo)
  1444 | D:3      | Reached XP level 5. HP: 42/42 MP: 7/7
  1451 | D:3      | Reached skill level 5 in Unarmed Combat
  2043 | D:3      | Found an opulent altar of Gozag.
  2428 | D:4      | Found a sand-covered staircase.
  2447 | Ossuary  | Entered an ossuary
  2509 | Ossuary  | Reached XP level 6. HP: 46/51 MP: 8/8
  2537 | Ossuary  | Slain by an elf zombie

Illustrated notes

Levels and vault maps discovered:
D:1:      heliophobic_arrival_dark_side_of_the_moon, layout_rooms, minivault_19,
          serial_bayou_pond_c, minmay_misc_feat_secret_circle
D:2:      layout_rooms
D:3:      cheibrodos_helix_gallery, layout_basic, lemuel_tele_altar,
          ebering_ghost_reflecting_pool, kennysheep_generic_room_2
D:4:      layout_loops_cross, nicolae_overflow_crystal_walls,
          nicolae_ossuary_entry_monument, gammafunk_ghost_cemetery,
          uniq_menkaure, uniq_natasha
Ossuary:  ossuary_minmay_four_chambers

Skill      XL: |  1  2  3  4  5 |
---------------+----------------+-----
Stealth        | 1 2 |  2.0
Unarmed Combat | 3 4 5 |  5.7
Fighting       | 3 |  3.0
Translocations | 3 |  3.5
Throwing       | |  0.8
Armour         | |  0.8
Dodging        | |  1.7
Spellcasting   | |  1.7

Action                     |  1- 3 |  4- 6 || total
---------------------------+-------+-------++-------
  Melee: Unarmed           |   111 |   190 ||   301
         Punch             |     2 |     5 ||     7
    Use: Potion            |     5 |       ||     5
         Scroll            |       |     2 ||     2
   Stab: Sleeping          |     1 |     1 ||     2
 Armour: Leather armour    |    83 |    99 ||   182
  Dodge: Dodged            |    68 |    98 ||   166

Table legend: (Time is in decaauts)
 A = Elapsed time spent in this place.
 B = Non-inter-level travel time spent in this place.
 C = Inter-level travel time spent in this place.
 D = Time resting spent in this place.
 E = Time spent auto-exploring this place.
 F = Levels seen in this place.
 G = Mean time per level.
                   A        B        C        D        E       F      G
               +--------+--------+--------+--------+--------+-----+--------+
         Total |   2519 |   2458 |     61 |    266 |   1397 |   5 |  503.8 |
       Dungeon |   2433 |   2372 |     61 |    266 |   1352 |   4 |  608.2 |
       Ossuary |     86 |     86 |      0 |      0 |     45 |   1 |   86.0 |
               +--------+--------+--------+--------+--------+-----+--------+

Top non-repeatable levels by time:
     D:3: 1175 daAuts
     D:1: 685 daAuts
     D:2: 405 daAuts
     D:4: 167 daAuts
 Ossuary: 86 daAuts
